 Dungeon Crawl Stone Soup version 0.25-a0-663-gace7076f2c (webtiles) character file.

Game seed: 1588598425008214772, levelgen mode: deterministic

73 DasRunzen the Ducker (level 3, -8/30 HPs)
             Began as a Demigod Gladiator on Mar 25, 2020.
             Mangled by a worm (11 damage)
             ... on level 2 of the Dungeon.
             The game lasted 00:02:19 (1615 turns).

DasRunzen the Ducker (Demigod Gladiator)            Turns: 1615, Time: 00:02:20

Health: -8/30      AC:  4    Str: 17    XL:     3   Next: 83%
Magic:  7/7        EV: 13    Int: 14    God:
Gold:   78         SH:  0    Dex: 17    Spells: 4/4 levels left

rFire    . . .     SeeInvis .   a - +0 long sword
rCold    . . .     Gourm    .   (no shield)
rNeg     . . .     Faith    .   b - +0 leather armour
rPois    .         Spirit   .   c - +0 helmet
rElec    .         Reflect  .   (no cloak)
rCorr    .         Harm     .   (no gloves)
MR       .....                  (no boots)
Stlth    +.........             (no amulet)
HPRegen  0.10/turn              (no ring)
MPRegen  0.10/turn              (no ring)

@: no status effects
A: high mp 1
a: no special abilities


You were on level 2 of the Dungeon.
You were hungry.

You visited 1 branch of the dungeon, and saw 2 of its levels.

You collected 78 gold pieces.

Inventory:

Hand Weapons
 a - a +0 long sword (weapon)
Missiles
 d - 3 throwing nets (quivered)
Armour
 b - a +0 leather armour (worn)
 c - a +0 helmet (worn)
Jewellery
 g - an uncursed ring of fire
Wands
 h - a wand of random effects (18)
Scrolls
 i - a scroll of teleportation {unknown}
Potions
 e - a potion of curing {unknown}
Comestibles
 f - 5 rations


   Skills:
 + Level 2.4 Fighting
 + Level 3.1 Long Blades
 - Level 1.7 Throwing
 + Level 1.2 Armour
 + Level 3.1 Dodging
 + Level 1.1 Spellcasting


You had 4 spell levels left.
You didn't know any spells.
Your spell library was empty.

Dungeon Overview and Level Annotations

Branches:
Dungeon (2/15)


Innate Abilities, Weirdness & Mutations

You have an increased reservoir of magic. (+10% MP)


Message History

You hit the worm.
The worm is moderately wounded.
The worm closely misses you.
You riposte.
You are feeling hungry.
You barely miss the worm.
The worm is lightly wounded.
You barely miss the worm.
The worm is lightly wounded.
The worm bites you.
* * * LOW HITPOINT WARNING * * *
You barely miss the worm.
The worm is lightly wounded.
You hit the worm.
The worm is moderately wounded.
The worm bites you.
* * * LOW HITPOINT WARNING * * *
You barely miss the worm.
The worm is moderately wounded.
The worm bites you!
You die...

..............##.#
...............#.#
....#..........#.#
... ####...##...##
#+ #...###.## #
#...# #.# ...
##### #.#
#...############.#
#...@..........#
#....w############
##...# ##.# ##


You could see a worm.

Vanquished Creatures
  An adder (D:2)
  An ooze (D:2)
  3 worms (D:2)
  A dart slug (D:1)
  4 bats
  4 giant cockroaches (D:1)
  6 goblins
  5 hobgoblins
  7 jackals (D:2)
  5 kobolds
  A quokka (D:2)
  A ball python (D:2)
  7 rats
46 creatures vanquished.

Notes
Turn   | Place    | Note
-------+----------+-------------------------------------------
     0 | D:1      | DasRunzen the Demigod Gladiator began the quest for the
                  | Orb.
     0 | D:1      | Reached XP level 1. HP: 17/17 MP: 3/3
   105 | D:1      | Reached XP level 2. HP: 24/24 MP: 4/4
   731 | D:1      | Found a sparkling altar of Nemelex Xobeh.
   903 | D:2      | Reached XP level 3. HP: 22/29 MP: 6/6
   959 | D:2      | Reached skill level 1 in Armour
   959 | D:2      | Reached skill level 1 in Spellcasting
  1615 | D:2      | Mangled by a worm

Levels and vault maps discovered:
D:1:      dpeg_arrival_rhombus, layout_basic, nemelex_diamond_rough_becter
D:2:      layout_loops_corners

Skill      XL: |  1  2  3 |
---------------+----------+-----
Fighting       | 2 |  2.4
Long Blades    | 3 |  3.1
Dodging        | 3 |  3.1
Armour         | 1 |  1.2
Spellcasting   | 1 |  1.1
Throwing       | |  1.7

Action                   || total
-------------------------++-------
Melee: Long sword        ||   125
 Stab: Sleeping          ||     1
  Eat: Chunk             ||     2
Armor: Leather armour    ||    37
Dodge: Dodged            ||    98
       Rpst.: Long sword ||    37

Table legend:
 A = Non-vault XP
 B = Vault XP
 C = Vault XP percentage of total XP
 D = Non-vault monster count
 E = Vault monster count
 F = Vault count percentage of total count
                 A         B        C        D         E       F
            +---------+---------+-------+---------+---------+-------
      Total |     105 |       0 |   0.0 |      46 |       0 |   0.0
            +---------+---------+-------+---------+---------+-------
        D:1 |      40 |       0 |   0.0 |      23 |       0 |   0.0
        D:2 |      65 |       0 |   0.0 |      23 |       0 |   0.0
            +---------+---------+-------+---------+---------+-------
